 Dungeon Crawl Stone Soup version 0.30-a0-1053-gbd8d5ba0ad (webtiles) character file.

Game seed: 17955106647586857728

119 ytrimaz the Magician (level 4, -5/51 HPs)
             Began as a Demigod Transmuter on Apr 11, 2023.
             Splashed by a jelly's acid (9 damage)
             ... on level 3 of the Dungeon.
             The game lasted 00:04:15 (2533 turns).

ytrimaz the Magician (Demigod Transmuter)           Turns: 2533, Time: 00:04:15

Health: -5/51      AC: -6    Str: 11    XL:     4   Next: 46%
Magic:  11/11      EV:  2    Int: 19    God:
Gold:   122        SH:  0    Dex: 14    Spells: 2/8 levels left

rFire   . . .      SeeInvis .      - Unarmed
rCold   . . .      Faith    .    (no shield)
rNeg    . . .      Spirit   .    a - melded +1 robe
rPois   +          Reflect  .    (helmet currently unavailable)
rElec   .          Rampage  .    (cloak currently unavailable)
rCorr   .          NoTele   +    (gloves currently unavailable)
Will    .....                    (boots currently unavailable)
Stlth   +                        (no amulet)
HPRegen 0.28/turn                (no ring)
MPRegen 0.12/turn                (no ring)

@: tree-form (expiring), corroded
A: stationary, stasis, torment immunity, boosted hp, high MP 1, forlorn, divine
attributes
a: no special abilities


You were on level 3 of the Dungeon.
You were a tree.
You visited 1 branch of the dungeon, and saw 3 of its levels.

You collected 122 gold pieces.


Innate Abilities, Weirdness & Mutations

You are a tree.
Your roots penetrate the ground, keeping you stationary.
You cannot be teleported.
You are immune to unholy pain and torment.
Your maximum health is greatly increased.
Your equipment is partially melded.
You have an increased reservoir of magic. (+10% MP)
You shall have no god before yourself.
Your divine heritage dramatically boosts your attributes as you level up.


   Skills:
 - Level 0.8 Fighting
 - Level 1.7 Dodging
 - Level 2.6 Unarmed Combat
 * Level 2.9 Spellcasting
 + Level 2.7 Transmutations
 - Level 2.0 Ice Magic
 - Level 1.0 Poison Magic


You had 2 spell levels left.
You knew the following spells:

 Your Spells              Type           Power      Damage    Failure   Level
a - Beastly Appendage     Tmut           26%        N/A       4%          1
b - Wereblood             Tmut           13%        N/A       8%          2
c - Spider Form           Tmut/Pois      9%         N/A       22%         3

Your spell library contained the following spells:

 Spells                   Type           Power      Damage    Failure   Level
 Ice Form                 Ice/Tmut       11%        N/A       50%         4

Inventory:

Armour
 a - a +1 robe (melded)
Wands
 l - a wand of roots (5) (quivered)
   (You took it off Robin on level 3 of the Dungeon)
Scrolls
 f - a scroll of fog {unknown}
Potions
 b - a potion of attraction {unknown}
 c - a potion of berserk rage {unknown}
 g - 2 potions of curing {unknown}
 h - a potion of magic {unknown}
 i - a potion of might
 j - 2 potions of degeneration {unknown}
 k - a potion of invisibility {unknown}

Dungeon Overview and Level Annotations

Branches:
Dungeon (3/15) Zot: 15476

#.# #.# #.# #.. #.# ###
#.# # #.#### # . ##....#
# ... ##.###)# ##
....B####...##.########.
.....lJ♣................
.....####...##.########.
... ##.###.# #... . ###
#.# #.). #.# #... #.#
#... ..# #... .# #...
#...


You could see a jelly, a giant cockroach and a frilled lizard.


Message History

Unknown command.
Aiming: Fastroot
Press: ? - help, Q - select action, (/) - cycle Shift-Dir - straight line, f - you
Okay, then.
You feel much better.
The jelly hits you but does no damage. 😮 HP[+29] MP[+1]
You regained 29 hp, and now have 32/51 hp.
Aiming: Fastroot
Press: ? - help, Q - select action, (/) - cycle Shift-Dir - straight line, f - jelly
Aim: a jelly (almost dead)
The roots erupt in riotous growth!
The jelly is unaffected.
You hear a shout! x3
The jelly hits you but does no damage.
Unknown command.
Aiming: Fastroot
Press: ? - help, Q - select action, (/) - cycle Shift-Dir - straight line, f - you, p - jelly The roots erupt in riotous growth!
The jelly is unaffected.
You hear an angry hiss.
The jelly hits you.
You are splashed with acid.
* * * LOW HITPOINT WARNING * * *
😨 HP[-7]
You take 7 damage, and now have 25/51 hp.
Unknown command.
Aiming: Fastroot
Press: ? - help, Q - select action, (/) - cycle Shift-Dir - straight line, f - jelly
Aim: a jelly (almost dead)
The roots erupt in riotous growth!
The jelly is unaffected.
The jelly hits you but does no damage.
You hit the jelly but do no damage.
Your branches burn!
* * * LOW HITPOINT WARNING * * *
The jelly hits you but does no damage.
A frilled lizard comes into view. 😨 HP[-1]
You take 1 damage, and now have 24/51 hp.
Unknown command.
Aiming: Fastroot
Press: ? - help, Q - select action, (/) - cycle Shift-Dir - straight line, f - you, p - jelly The roots erupt in riotous growth!
The jelly is unaffected.
You hear an angry hiss.
The jelly hits you but does no damage.
Aiming: Fastroot
Press: ? - help, Q - select action, (/) - cycle Shift-Dir - straight line The roots erupt in riotous growth!
The jelly is unaffected.
You hear a shout!
The jelly hits you but does no damage.
You hit the jelly but do no damage. The acid corrodes you!
Your branches burn!
* * * LOW HITPOINT WARNING * * *
The jelly hits you but does no damage. 😨 HP[-3]
You take 3 damage, and now have 21/51 hp.
Unknown command.
You hit the jelly but do no damage.
Your branches burn!
* * * LOW HITPOINT WARNING * * *
The jelly jiggles.
The jelly hits you but does no damage. 😨 HP[-3]
You take 3 damage, and now have 18/51 hp.
Unknown command.
Aiming: Fastroot
Press: ? - help, Q - select action, (/) - cycle Shift-Dir - straight line, f - you The roots erupt in riotous growth!
The jelly is unaffected.
You hear an angry hiss.
The jelly hits you.
* * * LOW HITPOINT WARNING * * *
The acid corrodes you!
You are splashed with acid!
* * * LOW HITPOINT WARNING * * *
😱 HP[-11] MP[+1]
You take 11 damage, and now have 7/51 hp.
MASSIVE DAMAGE!! (PAUSE)
Your mp is fully restored (11).
You feel much better. The jelly barely misses you. 😮 HP[+27]
You regained 27 hp, and now have 34/51 hp.
You hit the jelly but do no damage.
Your branches burn!
The jelly hits you. The acid corrodes you!
You are splashed with acid. 😮 HP[-8]
You take 8 damage, and now have 26/51 hp.
You hit the jelly but do no damage.
Your branches burn!
* * * LOW HITPOINT WARNING * * *
The jelly hits you.
* * * LOW HITPOINT WARNING * * *
The acid corrodes you!
You are splashed with acid!
* * * LOW HITPOINT WARNING * * *
😱 HP[-18]
You take 18 damage, and now have 8/51 hp.
MASSIVE DAMAGE!! (PAUSE)
You hit the jelly but do no damage.
Your branches burn!
* * * LOW HITPOINT WARNING * * *
Your transformation is almost over.
A giant cockroach comes into view.
The jelly hits you.
* * * LOW HITPOINT WARNING * * *
The acid corrodes you!
You are splashed with acid!
You die...

Skill      XL: |  1  2  3 |
---------------+----------+-----
Ice Magic      | 1 2 |  2.0
Spellcasting   | 2 |  2.9
Transmutations | 2 |  2.7
Poison Magic   | 1 |  1.0
Fighting       | |  0.8
Dodging        | |  1.7
Unarmed Combat | |  2.6

Action                     |  1- 3 |  4- 6 || total
---------------------------+-------+-------++-------
  Melee: Unarmed           |   142 |    54 ||   196
         Kick              |    15 |       ||    15
         Headbutt          |     8 |       ||     8
         Punch             |     4 |       ||     4
   Cast: Beastly Appendage |    26 |     1 ||    27
         Spider Form       |     1 |     4 ||     5
         Wereblood         |     1 |     1 ||     2
  Evoke: Wand              |       |     6 ||     6
    Use: Scroll            |     6 |       ||     6
         Potion            |     2 |     5 ||     7
 Armour: Robe              |    31 |     4 ||    35
         Skin              |     7 |    19 ||    26
  Dodge: Dodged            |    95 |    19 ||   114

Levels and vault maps discovered:
D:1:      mrwooster_arrival_arrow, layout_loops_cross, st_stairs_10
D:2:      layout_basic
D:3:      layout_loops_corners, mainiacjoe_overflow_small_starburst, uniq_robin

Notes
Turn   | Place    | Note
-------+----------+-------------------------------------------
     0 | D:1      | ytrimaz the Demigod Transmuter began the quest for the Orb.
     0 | D:1      | Reached XP level 1. HP: 15/15 MP: 5/5
     0 | D:1      | magus.rc [v1.9.6]
   218 | D:1      | Reached XP level 2. HP: 20/22 MP: 4/7
   251 | D:1      | Reached skill level 1 in Ice Magic
   318 | D:1      | Reached skill level 2 in Spellcasting
   318 | D:1      | Reached skill level 2 in Transmutations
   318 | D:1      | Reached skill level 1 in Poison Magic
   392 | D:1      | HP: 5/22 [endoplasm (2)]
   518 | D:1      | Learned a level 2 spell: Wereblood
   822 | D:1      | Reached XP level 3. HP: 27/27 MP: 6/8
  1481 | D:2      | Learned a level 3 spell: Spider Form
  1493 | D:2      | Reached skill level 2 in Ice Magic
  1542 | D:2      | HP: 6/27 [adder (3)]
  1547 | D:2      | HP: 3/40 [poisoned by an adder]
  1549 | D:2      | HP: 1/40 [poisoned by an adder]
  2039 | D:3      | Reached XP level 4. HP: 34/34 MP: 3/10
  2151 | D:3      | Noticed Robin
  2177 | D:3      | Killed Robin
  2508 | D:3      | HP: 7/34 [jelly (3)]
  2508 | D:3      | HP: 1/34 [acid (6)]
  2518 | D:3      | HP: 12/51 [jelly (1)]
  2518 | D:3      | HP: 3/51 [acid (9)]
  2529 | D:3      | HP: 7/51 [acid (8)]
  2533 | D:3      | Splashed by a jelly's acid

Vanquished Creatures
  Robin (D:3)
  A gnoll (D:1)
  2 adders
  A dart slug (D:2)
  11 ball pythons
  7 endoplasms
  2 giant cockroaches (D:1)
  17 goblins
  3 hobgoblins
  2 jackals (D:2)
  3 quokkas
  4 bats
  3 frilled lizards
  8 kobolds
  3 rats
68 creatures vanquished.

Table legend:
 A = Non-vault XP
 B = Vault XP
 C = Vault XP percentage of total XP
 D = Non-vault monster count
 E = Vault monster count
 F = Vault count percentage of total count
                 A         B        C        D         E       F
            +---------+---------+-------+---------+---------+-------
      Total |     132 |      38 |  22.4 |      55 |      13 |  19.1
            +---------+---------+-------+---------+---------+-------
        D:1 |      53 |       3 |   5.4 |      24 |       2 |   7.7
        D:2 |      50 |       0 |   0.0 |      21 |       0 |   0.0
        D:3 |      29 |      35 |  54.7 |      10 |      11 |  52.4
            +---------+---------+-------+---------+---------+-------

Illustrated notes

Table legend:
 A = Kills in this place as a percentage of kills in the entire game.
 B = Kills by you in this place as a percentage of kills by you in the entire game.
 C = Kills by friends in this place as a percentage of kills by friends in the entire game.
 D = Other kills in this place as a percentage of other kills in the entire game.
 E = Experience gained in this place as a percentage of experience gained in the entire game.
 F = Experience gained in this place divided by the number of levels of this place that you have seen.
                   A       B       C       D       E      F
               +-------+-------+-------+-------+-------+----------------------
         Total | 100.0 | 100.0 |   N/A |   N/A | 100.0 |  56.7
       Dungeon | 100.0 | 100.0 |   N/A |   N/A | 100.0 |  56.7
               +-------+-------+-------+-------+-------+----------------------

Table legend: (Time is in decaauts)
 A = Elapsed time spent in this place.
 B = Non-inter-level travel time spent in this place.
 C = Inter-level travel time spent in this place.
 D = Time resting spent in this place.
 E = Time spent auto-exploring this place.
 F = Levels seen in this place.
 G = Mean time per level.
                   A        B        C        D        E       F      G
               +--------+--------+--------+--------+--------+-----+--------+
         Total |   2522 |   2459 |     63 |    253 |   1699 |   3 |  840.7 |
       Dungeon |   2522 |   2459 |     63 |    253 |   1699 |   3 |  840.7 |
               +--------+--------+--------+--------+--------+-----+--------+

Top non-repeatable levels by time:
     D:1: 1196 daAuts
     D:2: 771 daAuts
     D:3: 554 daAuts
